 Dungeon Crawl Stone Soup version 0.30-a0-743-gbfdf073431 (webtiles) character file.

Game seed: 4706983883915086276

32 sircluck the Grave Robber (level 3, -1/24 HPs)
             Began as a Mummy Necromancer on Feb 6, 2023.
             Slain by a quokka (4 damage)
             ... on level 2 of the Dungeon.
             The game lasted 00:06:04 (1618 turns).

sircluck the Grave Robber (Mummy Necromancer)       Turns: 1618, Time: 00:06:04

Health: -1/24      AC:  2    Str: 11    XL:     3   Next: 10%
Magic:  6/8        EV: 12    Int: 16    God:
Gold:   63         SH:  0    Dex: 12    Spells: 5/9 levels left

rFire   x . .      SeeInvis .    g - +0 arbalest
rCold   + . .      Faith    +    (shield currently unavailable)
rNeg    + + +      Spirit   .    a - +0 robe
rPois   ∞          Reflect  .    (no helmet)
rElec   .          Harm     .    (no cloak)
rCorr   .          Rampage  .    (no gloves)
Will    .....                    (no boots)
Stlth   ++                       (no amulet)
HPRegen 0.24/turn                (no ring)
MPRegen 0.11/turn                (no ring)

@: no status effects
A: cold resistance 1, negative energy resistance 3, torment resistance 2, heat
vulnerability 1, in touch with death 1, no potions, faith
a: no special abilities


You were on level 2 of the Dungeon.
You visited 1 branch of the dungeon, and saw 2 of its levels.

You collected 63 gold pieces.

Inventory:

Hand Weapons
 f - a +0 dagger
 g - a +0 arbalest (weapon)
Missiles
 c - 14 stones
Armour
 a - a +0 robe (worn)
 h - a +0 ring mail
Scrolls
 d - 2 scrolls of teleportation {unknown}
 e - a scroll of noise {unknown}
 i - a scroll of fog {unknown}
Potions
 b - 3 potions of haste {unknown}


   Skills:
 + Level 0.2 Fighting
 + Level 0.1 Short Blades
 + Level 1.6 Dodging
 + Level 1.6 Stealth
 + Level 3.5 Spellcasting
 + Level 4.5 Necromancy


You had 5 spell levels left.
You knew the following spells:

 Your Spells              Type           Power      Damage    Failure   Level
a - Necrotise             Necr           100%       1d9       2%          1
b - Vampiric Draining     Necr           25%        2d7       9%          3

Your spell library contained the following spells:

 Spells                   Type           Power      Damage    Failure   Level
 Animate Dead             Necr           25%        N/A       28%         4
 Agony                    Necr           25%        N/A       61%         5


Dungeon Overview and Level Annotations

Branches:
Dungeon (2/15)

Altars:
Sif Muna


Innate Abilities, Weirdness & Mutations

You are immune to poison.
Your flesh is cold resistant. (rC+)
You are immune to negative energy. (rN+++)
You are immune to unholy pain and torment.
You are vulnerable to heat. (rF-)
You are in touch with the powers of death.
You do not drink.
You have a special connection with the divine. (Faith)


Message History

The quokka bites you but does no damage.
The quokka barely misses you. The quokka closely misses you.
You shoot a bolt. The bolt closely misses the quokka.
The quokka bites you but does no damage.
The quokka bites you.
You shoot a bolt. The bolt barely misses the quokka.
An adder comes into view.
The quokka bites you. x2
You shoot a bolt. The bolt closely misses the quokka.
The adder hisses angrily.
The quokka barely misses you.
The quokka twitches its whiskers.
The quokka misses you.
The quokka bites you but does no damage.
You shoot a bolt. The bolt barely misses the quokka.
The quokka barely misses you. The quokka misses you.
You shoot a bolt. The bolt misses the quokka.
The quokka bites you. x2
The adder bites you.
* * * LOW HITPOINT WARNING * * *
You shoot a bolt. The bolt barely misses the quokka.
The adder closely misses you. The quokka closely misses you.
The adder bites you but does no damage. The quokka barely misses you.
The adder bites you but does no damage.
Casting: Necrotise (safe; 2% risk of failure)
Confirm with . or Enter, or press ? or * to list all spells.
Aiming: Necrotise (safe; 2% risk of failure)
Press: ? - help, Shift-Dir - straight line, f - adder, p - quokka
Aim: an adder (chance to affect: 88%)
You feel a surge of power!
The adder writhes in agony.
The quokka bites you.
* * * LOW HITPOINT WARNING * * *
The adder bites you but does no damage. The quokka closely misses you.
Casting: Necrotise (safe; 2% risk of failure)
Confirm with . or Enter, or press ? or * to list all spells.
Aiming: Necrotise (safe; 2% risk of failure)
Press: ? - help, Shift-Dir - straight line, f/p - adder
Aim: an adder (heavily wounded, chance to affect: 88%)
You feel a surge of power!
The adder barely resists.
The adder bites you.
* * * LOW HITPOINT WARNING * * *
The quokka bites you.
You die...

...............
#......<..#####
..........###
..........).#
..........#....
..........#####
......[...####.
#...._.........
##....S@r..###.
........#..#
###<..###.##
#..#. .# #..#.
.# ... #. .#


You could see an adder and a quokka.

Vanquished Creatures
  2 ball pythons (D:1)
  2 bats (D:1)
  4 endoplasms (D:1)
  A giant cockroach (D:1)
  6 goblins (D:1)
  A hobgoblin (D:1)
  3 jackals (D:1)
  2 quokkas (D:1)
  2 kobolds (D:1)
23 creatures vanquished.

Vanquished Creatures (collateral kills)
  A jackal (D:1)
1 creature vanquished.

Vanquished Creatures (others)
  A plant (D:1)
1 creature vanquished.

Grand Total: 25 creatures vanquished

Notes
Turn   | Place    | Note
-------+----------+-------------------------------------------
     0 | D:1      | sircluck the Mummy Necromancer began the quest for the Orb.
     0 | D:1      | Reached XP level 1. HP: 13/13 MP: 4/4
   207 | D:1      | Reached XP level 2. HP: 19/19 MP: 2/5
   739 | D:1      | Gained mutation: You are in touch with the powers of death.
                  | [Mummy growth]
   739 | D:1      | Reached XP level 3. HP: 22/24 MP: 0/7
   743 | D:1      | Learned a level 3 spell: Vampiric Draining
  1597 | D:2      | Found a shimmering blue altar of Sif Muna.
  1618 | D:2      | Slain by a quokka

Illustrated notes

Levels and vault maps discovered:
D:1:      eino_arrival_cavern_b, layout_loops_cross, serial_bayou_pond_b
D:2:      layout_rooms, basic_altar, nicolae_figureground_sparkle, uniq_jessica,
          uniq_natasha

Skill      XL: |  1  2 |
---------------+-------+-----
Spellcasting   | 3 |  3.5
Fighting       | |  0.2
Short Blades   | |  0.1
Dodging        | |  1.6
Stealth        | |  1.6
Necromancy     | |  4.5

Action                     || total
---------------------------++-------
  Melee: Unarmed           ||     8
         Dagger            ||    22
   Fire: Arbalest          ||    25
   Cast: Necrotise         ||    34
 Armour: Robe              ||    19
  Dodge: Dodged            ||    51

Table legend: (Time is in decaauts)
 A = Elapsed time spent in this place.
 B = Non-inter-level travel time spent in this place.
 C = Inter-level travel time spent in this place.
 D = Time resting spent in this place.
 E = Time spent auto-exploring this place.
 F = Levels seen in this place.
 G = Mean time per level.
                   A        B        C        D        E       F      G
               +--------+--------+--------+--------+--------+-----+--------+
         Total |   1649 |   1574 |     75 |    415 |    675 |   2 |  824.5 |
       Dungeon |   1649 |   1574 |     75 |    415 |    675 |   2 |  824.5 |
               +--------+--------+--------+--------+--------+-----+--------+

Top non-repeatable levels by time:
     D:1: 1617 daAuts
     D:2: 31 daAuts
